 Dungeon Crawl Stone Soup version 0.31.0-11-ge490571c62 (webtiles) character file.

Game seed: 2170534776396103956

128649 jasper the Warrior (level 17, -14/113 HPs)
             Began as a Gargoyle Earth Elementalist on Jan 31, 2024.
             Was a High Priest of Vehumet.
             Killed from afar by a will-o-the-wisp (22 damage)
             ... with a foxfire
             ... on level 2 of the Swamp.
             The game lasted 00:58:05 (26422 turns).

jasper the Warrior (Gargoyle Earth Elementalist)   Turns: 26422, Time: 00:58:06

Health: -14/113    AC: 22    Str: 14    XL:     17   Next: 3%
Magic:  14/33      EV: 20    Int: 30    God:    Vehumet [*****.]
Gold:   435        SH:  7    Dex: 12    Spells: 1/40 levels left

rFire   . . .        Y - staff of conjuration
rCold   . . .        h - +2 buckler {reflect}
rNeg    + + +        Z - +0 leather armour of the Ecumenical Temple {rPois Regen+ Dex+2 Stlth-}
rPois   ∞            q - +1 helmet
rElec   +            C - +1 cloak of the Morning {Int+5}
rCorr   .            (no gloves)
SInv    .            l - +2 pair of boots "Xuufuk" {rN++}
Will    +....        X - amulet of magic regeneration
Stlth   +            x - ring of positive energy
HPRegen 1.18/turn    S - ring of Qekan {rPois EV+5 Int+3}
MPRegen 0.63/turn

%: reflection
@: flying
A: sickness immunity, AC +12, big wings, negative energy resistance 1,
electricity resistance, torment resistance 1, petrification resistance
a: Renounce Religion


You were on level 2 of the Swamp.
You worshipped Vehumet.
Vehumet was extremely pleased with you.
You visited 5 branches of the dungeon, and saw 25 of its levels.
You also visited: Gauntlet.

You collected 1983 gold pieces.
You spent 1548 gold pieces at shops.

Inventory:

Hand Weapons
 s - a -1 demon whip of draining
Missiles
 n - 222 stones
 r - 6 throwing nets
 y - 19 poisoned darts
 W - 4 javelins
Armour
 f - a +0 buckler
 h - a +2 buckler of reflection (worn)
 l - the +2 pair of boots "Xuufuk" (worn) {rN++}
   (You bought it in a shop on level 2 of the Orcish Mines)

   rN++:      It greatly protects you from negative energy.
 q - a +1 helmet (worn)
 C - the +1 cloak of the Morning (worn) {Int+5}
   (You acquired it on level 4 of the Dungeon)

   Int+5:     It affects your intelligence (+5).
 Z - the +0 leather armour of the Ecumenical Temple (worn) {rPois Regen+ Dex+2 Stlth-}
   (You found it on level 11 of the Dungeon)

   Dex+2:     It affects your dexterity (+2).
   rPois:     It protects you from poison Regen+: It increases your rate of
   health regeneration.
   Stlth-:    It makes you less stealthy.
Magical Staves
 Y - a staff of conjuration (weapon)
Jewellery
 a - a ring of protection from cold
 k - an amulet of the acrobat
 t - the macabre finger necklace {Finger+ rN+}
   (You found it in a Gauntlet)

   [amulet of nothing]

   Finger+:   It enables you to equip an extra ring.
   rN+:       It protects you from negative energy.
 v - an amulet of reflection
 x - a ring of positive energy (left hand)
 D - a ring of resist corrosion
 E - a +4 ring of slaying
 K - a ring of wizardry
 S - the ring of Qekan (right hand) {rPois EV+5 Int+3}
   (You found it in a Gauntlet)

   [ring of evasion]

   EV+5:      It affects your evasion (+5).
   Int+3:     It affects your intelligence (+3).
   rPois:     It protects you from poison
 X - an amulet of magic regeneration (around neck)
Wands
 p - a wand of digging (1)
 F - a wand of polymorph (27)
 G - a wand of flame (45)
 N - a wand of acid (16)
 Q - a wand of charming (11)
Scrolls
 e - 2 scrolls of fog
 g - 3 scrolls of immolation
 o - 2 scrolls of blinking
 A - a scroll of revelation
 B - a scroll of identify
 H - 5 scrolls of vulnerability
 J - 9 scrolls of teleportation
 M - 2 scrolls of poison
Potions
 b - 2 potions of magic
 c - 6 potions of curing
 d - 3 potions of berserk rage
 i - 3 potions of resistance
 j - a potion of mutation
 m - 2 potions of enlightenment
 u - 2 potions of ambrosia
 w - 2 potions of attraction
 z - 9 potions of lignification
 I - 4 potions of brilliance
 L - 2 potions of might
 P - 2 potions of cancellation {unknown}
 T - 4 potions of haste
 V - a potion of invisibility {unknown}
Miscellaneous
 O - a phial of floods (inert)
 R - a lightning rod (inert)
 U - a phantom mirror (inert)


   Skills:
 - Level 15.0 Fighting
 - Level 12.0 Staves
 - Level 10.0 Dodging
 - Level 2.1 Stealth
 - Level 5.0 Shields
 - Level 12.0 Spellcasting
 + Level 6.9 Conjurations
 - Level 4.0 Hexes
 - Level 3.0 Necromancy
 * Level 11.1 Earth Magic
 - Level 5.0 Alchemy
 - Level 10.0 Evocations


You had one spell level left.
You knew the following spells:

 Your Spells              Type           Power      Damage    Failure   Level
a - Sandblast             Erth           100%       2d20      1%          1
b - Passwall              Erth           71%        N/A       1%          3
c - Stone Arrow           Conj/Erth      100%       3d13      1%          3
d - Brom's Barrelling Bo  Conj/Erth      83%        2d9       1%          4
e - Leda's Liquefaction   Alch/Erth      30%        N/A       1%          4
f - Yara's Violent Unrav  Hex/Alch       22%        3d10      5%          5
g - Mephitic Cloud        Conj/Alch/Air  58%        N/A       1%          3
h - Lee's Rapid Deconstr  Erth           35%        3d18*     1%          5
i - Bombard               Conj/Erth      41%        9d7       5%          6
j - Borgnjor's Vile Clut  Necr/Erth      28%        N/A       8%          5

Your spell library contained the following spells:

 Spells                   Type           Power      Damage    Failure   Level
 Ozocubu's Refrigeration  Ice            9%         4d9       100%        7
 Magic Dart               Conj           100%       1d8       1%          1
 Jinxbite                 Hex            84%        N/A       1%          2
 Mercury Vapours          Alch/Air       66%        N/A       1%          2
 Searing Ray              Conj           100%       2d8       1%          2
 Inner Flame              Hex/Fire       30%        N/A       1%          3
 Fulminant Prism          Conj/Alch      34%        3d15      1%          4
 Petrify                  Alch/Erth      60%        N/A       1%          4
 Sigil of Binding         Hex            42%        N/A       2%          3
 Flame Wave               Conj/Fire      55%        2d13      3%          4
 Irradiate                Conj/Alch      34%        3d23      3%          5
 Frozen Ramparts          Ice            36%        1d6       4%          3
 Sticky Flame             Fire/Alch      33%        2d7       4%          4
 Arcjolt                  Conj/Air       27%        1d37      9%          5
 Freezing Cloud           Conj/Ice/Air   23%        6-21      13%         5
 Gell's Gravitas          Tloc           18%        N/A       14%         3
 Ozocubu's Armour         Ice            18%        N/A       14%         3
 Teleport Other           Tloc           18%        N/A       14%         3
 Animate Dead             Necr           36%        N/A       14%         4
 Alistair's Intoxication  Alch           32%        N/A       17%         5
 Eringya's Noxious Bog    Alch           24%        4d6       24%         6
 Passage of Golubria      Tloc           18%        N/A       43%         4
 Summon Blazeheart Golem  Fire/Summ      18%        N/A       43%         4
 Vhi's Electric Charge    Tloc/Air       36%        N/A       43%         4
 Metabolic Englaciation   Hex/Ice        15%        N/A       50%         5
 Silence                  Hex/Air        15%        N/A       50%         5
 Orb of Destruction       Conj           37%        9d11      50%         7
 Plasma Beam              Fire/Air       9%         2x1d19    83%         6
 Lehudib's Crystal Spear  Conj/Erth      41%        10d10     86%         8
 Spellforged Servitor     Conj/Summ      27%        N/A       90%         7
 Sculpt Simulacrum        Ice/Alch       16%        N/A       95%         6
 Dispersal                Tloc           9%         N/A       100%        6
 Enfeeble                 Hex            21%        N/A       100%        7
 Haunt                    Necr/Summ      13%        N/A       100%        7
 Infestation              Necr           18%        N/A       100%        8


Dungeon Overview and Level Annotations

Branches:
Dungeon (15/15)            Temple (1/1) D:5            Lair (5/5) D:8
  Swamp (2/4) Lair:3       Spider (0/4) Lair:3        Slime (0/5) Lair:4
    Orc (2/2) D:9             Elf (0/3) Orc:2        Vaults (0/5) D:14
 Depths (0/4) D:15        Gauntlet (visited)

Altars:
Ashenzari
Cheibriados
Dithmenos
Elyvilon
Fedhas
Gozag
Hepliaklqana
Kikubaaqudgha
Makhleb
Nemelex Xobeh
Okawaru
Qazlal
Ru
Sif Muna
Trog
Uskayaw
Vehumet
Wu Jian
Xom
Yredelemnul
Zin
The Shining One

Shops:
D:1 [   D:5 *   D:6 *=*((   D:7 (   Orc:2 *[[?

Portals:
Trove: D:15 (give horn of Geryon)

Annotations:
D:5 1 transporter
D:8 4 runed translucent doors


Innate Abilities, Weirdness & Mutations

You are immune to sickness and miasma.
Your stone body is resilient. (AC +12)
You are immune to poison.
Your large and strong wings let you fly.
You resist negative energy. (rN+)
You are resistant to electric shocks. (rElec)
You are resistant to unholy torment.
You are immune to petrification.


Message History

Confirm with . or Enter, or press ? or * to list all spells.
Okay, then.
Unknown command.
Okay, then.
Aiming: Thunderbolt
Press: ? - help, Shift-Dir - straight line, f/p - swamp dragon
Aim: a swamp dragon (moderately wounded, constricted by zombie hands)
The thunderbolt hits the swamp dragon!
The swamp dragon is heavily wounded.
The lightning rod overheats!
You are engulfed in a cloud of scalding steam.
The zombie hands constrict the swamp dragon!
The zombie hands release their grip on the swamp dragon.
The will-o-the-wisp gestures.
The will-o-the-wisp conjures some marshlight!
A swamp dragon comes into view. 2 foxfires come into view.
Unknown command.
Unknown command.
An eight-headed hydra, a tyrant leech, an eleionoma, 2 ghouls, 3 spriggans and 3 swamp worms come into view.
The eight-headed hydra roars!
The spriggan shouts! x2
The spriggan druid shouts!
The spriggan druid gestures wildly while chanting.
The forest starts to sway and rumble!
A bog body comes into view.
The will-o-the-wisp blinks!
The swamp dragon closely misses you.
The swamp dragon claws you but does no damage.
You block the swamp dragon's attack.
A will-o-the-wisp comes into view.
A goliath frog comes into view.
The foxfire hits you!
* * * LOW HITPOINT WARNING * * *
You see here a swamp worm corpse.
Unknown command.
Blink to where?
Press: ? - help, Dir - move target, p - swamp dragon A bunyip comes into view.
As you read the scroll of blinking, it crumbles to dust.
The bunyip gives a hideous shriek!
The foxfire hits you!!
You die...

~~~. ...♣♣♣
.~~.♣♣ ~..~♣.
♣.~~~♣ ......
♣~..~♣
...~~.♣♣♣~..♣
...~§~~♣~..♣♣♣
♣F.nv~.♣~~~.~♣♣
♣wwi~.~.~v@.~♣
♣♣♣....<.§§v~♣♣
..~~nR.w§§.§~♣♣
###~xwD§♣♣§§.>♣
#~..iinD§♣♣..♣
~~~~~.♣D§♣♣ ~~♣
.~~~~.♣♣§♣ ♣♣♣
~~~~~~♣§♣♣
§~~~.♣♣♣♣


You could see a bunyip, an eleionoma, an eight-headed hydra, a tyrant leech, a
spriggan druid, 2 will-o-the-wisps, a bog body, a swamp worm and 2 spriggans.

Vanquished Creatures
  Rupert (D:13)
  Kirke (D:13)
  Aizul (Swamp:1)
  A very ugly thing (D:15)
  3 eleionomae (Swamp:1)
  Azrael (D:14)
  A bunyip (Swamp:2)
  An ettin (Orc:1)
  Snorg (D:12)
  9 hydras
  A rakshasa (D:15)
  A vault guard (D:14)
  5 ogre magi
  Harold (Lair:2)
  5 alligators
  A ghost crab (Swamp:1)
  7 centaur warriors
  A catoblepas (D:14)
  2 boulder beetles
  A dancing weapon (D:14)
  24 two-headed ogres
  A tengu warrior (D:15)
  13 death yaks
  Urug (D:11)
  Amaemon (Lair:2)
  A pharaoh ant (Lair:3)
  2 goliath frogs
  2 skysharks
  An arcanist (D:14)
  A sea snake (shapeshifter) (D:15)
  2 spriggan druids (Swamp:1)
  A swamp dragon (Swamp:2)
  A glowing orange brain (D:15)
  Pikel (D:8)
  2 large abominations (Gauntlet)
  An orc knight (Orc:1)
  A lightning spire (Gauntlet)
  An orc sorcerer (D:9)
  5 ugly things
  5 cyclopes
  Maurice (D:8)
  2 manticores
  A will-o-the-wisp (Swamp:1)
  6 elephants (Lair:5)
  A rust devil (Gauntlet)
  2 kobold blastminers (Orc:2)
  5 black mambas
  2 gargoyles
  15 cane toads
  A torpor snail (Lair:2)
  Maggie (D:8)
  An orange demon (Lair:2)
  Jeremiah (D:9)
  7 rime drakes
  13 komodo dragons
  2 tengu conjurers
  10 trolls
  3 tyrant leeches (Swamp:1)
  Grinder (D:6)
  19 dream sheep
  6 hornets
  2 raiju (Gauntlet)
  4 polar bears
  14 blink frogs (Lair:5)
  14 spriggans
  2 wraiths
  A shadow (D:9)
  A ynoxinul (Gauntlet)
  12 slime creatures
  6 wyverns
  4 fire elementals (D:14)
  A vampire (D:11)
  60 yaks
  2 hogs (D:13)
  An unseen horror simulacrum (D:9)
  Grum (D:8)
  5 basilisks
  A warg (Orc:2)
  3 vampire mosquitoes (D:14)
  A redback (Lair:3)
  4 small abominations (Gauntlet)
  2 acid dragons
  Edmund (D:6)
  6 swamp worms
  24 water moccasins
  3 hell hounds (D:14)
  18 orc warriors
  A meliai simulacrum (D:12)
  2 sky beasts (D:7)
  8 black bears
  An ice beast (D:6)
  4 boggarts (Lair:5)
  31 ogres
  30 wolves
  15 centaurs
  A lemure (D:8)
  2 kobold brigands
  Blork the orc (D:6)
  11 bullfrogs
  2 gnoll sergeants
  5 scorpions
  5 wights
  2 killer bees
  5 howler monkeys
  4 electric eels
  2 bombardier beetles (D:5)
  5 jellies
  8 hounds
  Crazy Yiuf (D:2)
  2 gnoll boudas
  11 orc priests
  4 iron imps (Gauntlet)
  2 sleepcaps (D:5)
  2 iguanas
  19 orc wizards
  13 hell rats
  10 gnolls
  8 adders
  8 river rats (Lair:1)
  12 white imps (Lair:1)
  A dart slug (D:1)
  4 ribbon worms
  79 orcs
  17 ball pythons
  5 bats
  7 endoplasms
  3 giant cockroaches
  3 goblins
  12 hobgoblins
  A jackal (D:3)
  15 kobolds
  3 quokkas
  5 frilled lizards
  9 rats
  A butterfly (Lair:3)
807 creatures vanquished.

Vanquished Creatures (collateral kills)
  A minotaur (Gauntlet)
  7 boulders
8 creatures vanquished.

Vanquished Creatures (others)
  An ugly thing (D:14)
  An orc wizard (D:9)
  An orc (Orc:1)
  A boulder (D:11)
  7 foxfires
11 creatures vanquished.

Grand Total: 826 creatures vanquished

Notes
Turn   | Place    | Note
-------+----------+-------------------------------------------
     0 | D:1      | jasper the Gargoyle Earth Elementalist began the quest for
                  | the Orb.
     0 | D:1      | Reached XP level 1. HP: 10/10 MP: 3/3
   116 | D:1      | Reached XP level 2. HP: 15/15 MP: 3/5
   369 | D:1      | Reached XP level 3. HP: 19/19 MP: 4/6
   373 | D:1      | Learned a level 3 spell: Passwall
   421 | D:1      | Reached skill level 5 in Earth Magic
   631 | D:1      | Found Ilino's Armour Shoppe.
   802 | D:2      | Reached skill level 1 in Fighting
   919 | D:2      | Reached XP level 4. HP: 25/25 MP: 5/7
   948 | D:2      | Learned a level 3 spell: Stone Arrow
  1293 | D:2      | Found a runed translucent door.
  1294 | D:2      | Noticed Crazy Yiuf
  1587 | D:2      | Killed Crazy Yiuf
  1588 | D:2      | Reached skill level 2 in Fighting
  1588 | D:2      | Reached XP level 5. HP: 17/30 MP: 2/8
  2795 | D:4      | Reached skill level 3 in Fighting
  2795 | D:4      | Reached XP level 6. HP: 37/37 MP: 7/9
  3333 | D:4      | Identified a scroll of acquirement
  3333 | D:4      | Acquired the +1 cloak of the Morning {Int+5}
  3347 | D:5      | Entered Level 5 of the Dungeon
  3347 | D:5      | Noticed a black bear
  3350 | D:5      | Killed a black bear
  3356 | D:5      | Learned a level 4 spell: Brom's Barrelling Boulder
  3378 | D:5      | Reached skill level 4 in Fighting
  3378 | D:5      | Reached XP level 7. HP: 43/43 MP: 7/12
  3558 | D:5      | Found Losivock's Neck Hole.
  3606 | D:5      | Found a staircase to the Ecumenical Temple.
  3627 | Temple   | Entered the Ecumenical Temple
  3661 | Temple   | Became a worshipper of Vehumet
  3792 | D:5      | Reached skill level 5 in Fighting
  4034 | D:5      | Learned a level 4 spell: Leda's Liquefaction
  4053 | D:5      | Reached skill level 5 in Spellcasting
  4320 | D:5      | Found a sparkling altar of Nemelex Xobeh.
  4320 | D:5      | Found a transporter.
  4460 | D:5      | Reached XP level 8. HP: 49/49 MP: 13/15
  4505 | D:6      | Noticed Blork the orc
  4512 | D:6      | Reached skill level 1 in Alchemy
  4513 | D:6      | Killed Blork the orc
  4841 | D:6      | Found Teeseson's Antique Weapon Shoppe.
  4855 | D:6      | Found Viato's Assorted Antiques.
  4936 | D:6      | Found Qateq's Jewellery Boutique.
  4937 | D:6      | Found Ixzuboim's Antique Weapon Shoppe.
  4937 | D:6      | Found Zoanawio's Assorted Antiques.
  4952 | D:6      | Bought a viscous inky potion for 23 gold pieces
  4952 | D:6      | Bought a scroll labelled QUUSUT YMAMPY for 26 gold pieces
  4952 | D:6      | Bought an ivory wand for 104 gold pieces
  4952 | D:6      | Bought a shiny lead wand for 104 gold pieces
  4956 | D:6      | Bought a scroll labelled BUUTRAJOME for 21 gold pieces
  5031 | D:6      | Noticed Grinder
  5034 | D:6      | Paralysed by Grinder for 5 turns
  5044 | D:6      | Killed Grinder
  5045 | D:6      | Reached skill level 6 in Fighting
  5045 | D:6      | Reached skill level 5 in Conjurations
  5045 | D:6      | Reached XP level 9. HP: 52/55 MP: 10/16
  5247 | D:6      | Noticed Edmund
  5253 | D:6      | Killed Edmund
  5254 | D:6      | Reached skill level 1 in Staves
  5270 | D:6      | Reached * piety under Vehumet
  5270 | D:6      | Offered knowledge of Sting by Vehumet.
  5847 | D:7      | Reached skill level 7 in Fighting
  6111 | D:7      | HP: 2/57 [orc priest/divine providence (16)]
  6530 | D:7      | Found Fevej's Antique Weapon Shop.
  6648 | D:7      | Reached skill level 8 in Fighting
  6816 | D:8      | Noticed Pikel
  6826 | D:8      | Killed Pikel
  6827 | D:8      | Reached XP level 10. HP: 48/65 MP: 9/17
  6931 | D:8      | Found a large runed translucent door.
  6931 | D:8      | Found a large runed translucent door.
  6935 | D:8      | Noticed a catoblepas
  6935 | D:8      | Noticed a gargoyle
  6972 | D:8      | Reached skill level 5 in Staves
  7011 | D:8      | Reached ** piety under Vehumet
  7021 | D:8      | Noticed Maggie
  7039 | D:8      | Killed Maggie
  7040 | D:8      | Reached skill level 9 in Fighting
  7040 | D:8      | Reached skill level 5 in Dodging
  7192 | D:8      | Found a staircase to the Lair.
  7321 | D:8      | Found a large runed translucent door.
  7321 | D:8      | Found a large runed translucent door.
  7335 | D:8      | Offered knowledge of Momentum Strike by Vehumet.
  7621 | D:8      | Noticed a two-headed ogre
  7626 | D:8      | Killed a two-headed ogre
  7697 | D:8      | Noticed Grum
  7710 | D:8      | Killed Grum
  7711 | D:8      | Reached skill level 10 in Fighting
  7711 | D:8      | Reached XP level 11. HP: 31/72 MP: 0/18
  7873 | D:8      | Noticed Maurice
  7879 | D:8      | Maurice stole an orb of energy
  7885 | D:8      | Maurice stole a +4 ring of slaying
  7887 | D:8      | Killed Maurice
  8076 | D:8      | Noticed a centaur warrior
  8087 | D:8      | Killed a centaur warrior
  8098 | D:8      | Identified the +0 ring mail of Oshity {rF+}
  8409 | D:9      | Found a shimmering altar of Xom.
  8520 | D:9      | Offered knowledge of Hailstorm by Vehumet.
  8707 | D:9      | Noticed a cyclops
  8712 | D:9      | Killed a cyclops
  8717 | D:9      | Noticed a centaur warrior
  8737 | D:9      | Killed a centaur warrior
  8753 | D:9      | Learned a level 5 spell: Yara's Violent Unravelling
  8828 | D:9      | Noticed Jeremiah
  8867 | D:9      | Killed Jeremiah
  8867 | D:9      | Reached *** piety under Vehumet
  8868 | D:9      | Reached skill level 1 in Hexes
  9023 | D:9      | Found a hazy altar of Hepliaklqana.
  9023 | D:9      | Found a broken altar of Ashenzari.
  9103 | D:9      | Noticed a two-headed ogre
  9110 | D:9      | Killed a two-headed ogre
  9237 | D:9      | Found a snail-covered altar of Cheibriados.
  9421 | D:9      | Found a stormy altar of Qazlal.
  9527 | D:9      | Found a staircase to the Orcish Mines.
  9784 | Orc:1    | Entered Level 1 of the Orcish Mines
  9784 | Orc:1    | Noticed an orc sorcerer
  9865 | D:10     | Entered Level 10 of the Dungeon
  9914 | D:10     | Offered knowledge of Mephitic Cloud by Vehumet.
 10404 | D:10     | Found a shimmering blue altar of Sif Muna.
 10430 | D:10     | Reached XP level 12. HP: 74/79 MP: 14/19
 10433 | D:10     | Reached skill level 5 in Alchemy
 10606 | D:10     | Found a blossoming altar of Fedhas.
 10636 | D:10     | Found a bloodstained altar of Trog.
 10849 | D:11     | Noticed Urug
 11075 | D:10     | Learned a level 3 spell: Mephitic Cloud
 11085 | D:11     | Killed Urug
 11086 | D:11     | Reached skill level 11 in Fighting
 11416 | D:5      | Bought an amulet of magic regeneration for 390 gold pieces
 11527 | D:9      | Paralysed by an orc sorcerer for 3 turns
 11919 | D:11     | Identified the +9 plate armour "Haluejih" {Regen+}
 12019 | D:11     | Identified the +0 leather armour of the Ecumenical Temple
                  | {rPois Regen+ Dex+2 Stlth-}
 12815 | Lair:1   | Entered Level 1 of the Lair of Beasts
 12919 | Lair:1   | Reached **** piety under Vehumet
 12948 | Lair:1   | You fall into a shaft and drop 1 floor!
 12955 | Lair:2   | Noticed a death yak
 12956 | Lair:2   | Noticed a death yak
 12970 | Lair:2   | Noticed a death yak
 12973 | Lair:2   | Noticed a death yak
 12976 | Lair:2   | Noticed a death yak
 12977 | Lair:2   | Killed a death yak
 12986 | Lair:2   | Killed a death yak
 12987 | Lair:2   | Reached skill level 12 in Fighting
 12994 | Lair:2   | Killed a death yak
 12999 | Lair:2   | Killed a death yak
 13005 | Lair:2   | Killed a death yak
 13085 | Lair:2   | Offered knowledge of Volatile Blastmotes by Vehumet.
 13093 | Lair:2   | Reached XP level 13. HP: 70/87 MP: 16/22
 13211 | Lair:2   | Noticed Amaemon
 13221 | Lair:2   | Killed Amaemon
 13228 | Lair:2   | Reached skill level 10 in Staves
 13526 | Lair:2   | Noticed Harold
 13564 | Lair:2   | Killed Harold
 13625 | Lair:2   | Reached skill level 13 in Fighting
 14127 | Lair:3   | Got the Volume of Fluctuating Bad Luck
 14235 | Lair:3   | Reached ***** piety under Vehumet
 14235 | Lair:3   | Offered knowledge of Lee's Rapid Deconstruction by Vehumet.
 14275 | Lair:3   | Found a staircase to the Swamp.
 14548 | Lair:3   | Found a hole to the Spider Nest.
 15727 | Lair:4   | Learned a level 5 spell: Lee's Rapid Deconstruction
 16045 | Lair:4   | Found a staircase to the Slime Pits.
 16201 | Lair:4   | Gained mutation: Your large and strong wings let you fly.
                  | [Gargoyle growth]
 16201 | Lair:4   | Reached XP level 14. HP: 52/94 MP: 15/26
 16614 | Lair:1   | Offered knowledge of Conjure Ball Lightning by Vehumet.
 17074 | Orc:1    | Reached skill level 14 in Fighting
 17409 | Orc:2    | Entered Level 2 of the Orcish Mines
 17607 | Orc:2    | Reached skill level 10 in Dodging
 17911 | Orc:2    | Reached skill level 15 in Fighting
 17967 | Orc:2    | Reached skill level 1 in Evocations
 18103 | Orc:2    | Found Addisurph's Magic Scroll Emporium.
 18103 | Orc:2    | Found Naujaje's Antique Armour Boutique.
 18104 | Orc:2    | Found Kut Xodgho's Antique Armour Boutique.
 18104 | Orc:2    | Found Idicw's Assorted Antiques.
 18111 | Orc:2    | Bought a scroll of teleportation for 51 gold pieces
 18111 | Orc:2    | Bought a scroll of fog for 68 gold pieces
 18111 | Orc:2    | Bought a scroll of immolation for 68 gold pieces
 18111 | Orc:2    | Bought a scroll of vulnerability for 68 gold pieces
 18112 | Orc:2    | Bought a buckler for 117 gold pieces
 18112 | Orc:2    | Bought a pair of runed gloves for 195 gold pieces
 18122 | Orc:2    | Found a staircase to the Elven Halls.
 18244 | Orc:2    | Reached skill level 5 in Evocations
 18492 | Lair:5   | Entered Level 5 of the Lair of Beasts
 18576 | Lair:5   | Offered knowledge of Orb of Destruction by Vehumet.
 18642 | Lair:5   | Reached XP level 15. HP: 72/103 MP: 27/27
 19655 | Lair:5   | Offered knowledge of Spellforged Servitor by Vehumet.
 19672 | Lair:5   | Identified the +5 short sword "Rotabbunt" {flame, rF++
                  | Str+2 Int-2}
 19682 | Lair:5   | Reached skill level 10 in Evocations
 19705 | Lair:5   | Reached skill level 1 in Shields
 20347 | D:12     | Noticed Snorg
 20593 | D:12     | Reached skill level 5 in Shields
 20688 | D:12     | Killed Snorg
 21403 | D:13     | Found a gate leading to a gauntlet.
 21412 | Gauntlet | Entered a Gauntlet
 21412 | Gauntlet | Found a large runed translucent door.
 21412 | Gauntlet | Found a large runed translucent door.
 21412 | Gauntlet | Found a large runed translucent door.
 21412 | Gauntlet | Found a large runed translucent door.
 21412 | Gauntlet | Found a large runed translucent door.
 21412 | Gauntlet | Found a large runed translucent door.
 21412 | Gauntlet | Found a runed translucent door.
 21412 | Gauntlet | Found a transporter.
 21412 | Gauntlet | Found a transporter.
 21412 | Gauntlet | Found a runed translucent door.
 21412 | Gauntlet | Found a large runed translucent door.
 21412 | Gauntlet | Found a large runed translucent door.
 21412 | Gauntlet | Found a large runed translucent door.
 21412 | Gauntlet | Found a large runed translucent door.
 21412 | Gauntlet | Found a large runed translucent door.
 21412 | Gauntlet | Found a large runed translucent door.
 21416 | Gauntlet | Found a transporter.
 21416 | Gauntlet | Found a transporter.
 21426 | Gauntlet | Found a transporter.
 21445 | Gauntlet | Found a transporter.
 21455 | Gauntlet | Found a transporter.
 21455 | Gauntlet | Found a transporter.
 21460 | Gauntlet | Found a transporter.
 21487 | Gauntlet | Found a transporter.
 21492 | Gauntlet | Found the macabre finger necklace {Finger+ rN+}
 21494 | Gauntlet | Found a transporter.
 21507 | Gauntlet | Found a large runed translucent door.
 21508 | Gauntlet | Found a large runed translucent door.
 21510 | Gauntlet | Found a runed translucent gate.
 21511 | Gauntlet | Found a runed translucent gate.
 21512 | Gauntlet | Found a transporter.
 21512 | Gauntlet | Found a runed translucent gate.
 21530 | Gauntlet | Found a large runed translucent door.
 21531 | Gauntlet | Found a large runed translucent door.
 21558 | Gauntlet | Found a transporter.
 21572 | Gauntlet | Found a transporter.
 21673 | Gauntlet | Found a transporter.
 21691 | Gauntlet | Found a transporter.
 22079 | Gauntlet | Identified the ring of Qekan {rPois EV+5 Int+3}
 22111 | Gauntlet | Identified the +4 scimitar of Dayrrath {chaos, Str+2}
 22200 | Gauntlet | Identified the +8 rapier of Equivalence {freeze, Stlth+}
 22255 | D:13     | Noticed Rupert
 22293 | D:13     | Killed Rupert
 22294 | D:13     | Reached XP level 16. HP: 36/108 MP: 6/28
 22339 | D:13     | Offered knowledge of Bombard by Vehumet.
 22775 | D:13     | Noticed Kirke
 22796 | D:13     | Killed Kirke
 23201 | D:14     | Reached skill level 10 in Spellcasting
 23214 | D:14     | Learned a level 6 spell: Bombard
 23246 | D:14     | Reached skill level 10 in Earth Magic
 23270 | D:14     | Found a gate to the Vaults.
 23415 | D:14     | Noticed Azrael
 23452 | D:14     | HP: 4/108 [Azrael/damnation (18)]
 23453 | D:14     | Killed Azrael
 24076 | Orc:2    | Bought a pair of brightly glowing boots for 313 gold pieces
 24076 | Orc:2    | Identified the +2 pair of boots "Xuufuk" {rN++} (You bought
                  | it in a shop on level 2 of the Orcish Mines)
 24219 | D:15     | Entered Level 15 of the Dungeon
 24433 | D:15     | Found a portal to a secret trove of treasure.
 25119 | D:15     | Found a staircase to the Depths.
 25411 | Swamp:1  | Entered Level 1 of the Swamp
 25792 | Swamp:1  | Offered knowledge of Ozocubu's Refrigeration by Vehumet.
 25826 | Swamp:1  | Identified the serpent talisman of the Shining Light {Will+
                  | rCorr Str+3 Slay-6}
 25826 | Swamp:1  | Noticed Aizul
 25836 | Swamp:1  | Killed Aizul
 26181 | Swamp:1  | Learned a level 5 spell: Borgnjor's Vile Clutch
 26305 | Swamp:1  | Reached skill level 1 in Necromancy
 26409 | Swamp:2  | Reached XP level 17. HP: 22/113 MP: 26/33
 26413 | Swamp:2  | HP: 3/113 [four-headed hydra (5)]
 26422 | Swamp:2  | Killed from afar by a will-o-the-wisp

Illustrated notes

Levels and vault maps discovered:
D:1:      lightli_arrival_flooded_house, layout_basic, serial_shops,
          nicolae_shop_tiny_waterfront
D:2:      layout_rooms, uniq_crazy_yiuf_cottage
D:3:      minmay_angry_zag, layout_loops_ring
D:4:      layout_rooms, grunt_decor_fettered
D:5:      layout_loops_corners, grunt_nemelex_the_gamble,
          minmay_temple_entry_tees, nicolae_shop_sticking_my_neck_out
D:6:      layout_basic, kennysheep_nub, grunt_ministairs_4,
          nicolae_wooded_promenade, uniq_edmund, uniq_blork_the_orc,
          uniq_grinder
D:7:      layout_loops_ring, serial_shops, kennysheep_mini
D:8:      layout_gridville, grunt_lair_entry_orc_guard_hut,
          minmay_hollow_rounded_squares, uniq_pikel, uniq_maggie, uniq_grum,
          uniq_maurice
D:9:      nzn_winding_woodlands_small [nzn_winding_woodlands_5x15_split_checker,
          nzn_winding_woodlands_center_diamonds,
          nzn_winding_woodlands_5x15_zeroes], layout_irregular_city,
          mainiacjoe_overflow_brackets, grunt_qazlal_clouds, marbit_many_paths,
          nicolae_overflow_hidden_temple, uniq_jeremiah
D:10:     layout_rooms, general_overflow_altar, mainiacjoe_overflow_swirl,
          serial_corexii_hall, corexii_hall_statues_s, corexii_hall_statues_l
D:11:     layout_loops_cross, minivault_25, kennysheep_generic_room_5, uniq_urug
D:12:     minmay_bloctagon_deflated, layout_long_grid, uniq_snorg
D:13:     layout_grid_maze, gauntlet_entry_generic, uniq_rupert, uniq_kirke
D:14:     layout_roguey [special_room_orc], erik_vaults_1,
          nicolae_twisty_statue_hallways, uniq_azrael
D:15:     gammafunk_enter_depths_forms, layout_irregular_city,
          nicolae_zig_zag_zippers, nicolae_trove_entry_crossroad,
          roderic_roman_lattice
Temple:   nicolae_temple_ecumenical_triangle
Lair:1:   layout_hall_layers, portal_ice_cave_entry_imps, kennysheep_rathole
Lair:2:   layout_regular_city, grunt_megastairs_3, uniq_harold, uniq_amaemon
Lair:3:   layout_layer_cave, swamp_mist, nicolae_spider_entry_lesser_pyramids,
          serial_bayou_shore_b, serial_bayou_shore_a, lemuel_fruit_fields,
          serial_bayou_shore_b, lemuel_fruit_tree
Lair:4:   layout_gridlike, minmay_slime_entry_pillars, dreamdust_gnoll_shepherd
Lair:5:   minmay_lair_end_enchanted_forest, layout_hall_layers,
          serial_bayou_ford_a, grunt_megastairs_5
Swamp:1:  layout_basic_swamp, evilmike_swamp_ruin_house_2, swamp_pool_1_2,
          uniq_aizul
Swamp:2:  layout_basic_swamp, evilmike_swamp_ruin_wall, st_swamp_ruins_3
Orc:1:    layout_caves, nicolae_orc_beogh_chapel
Orc:2:    st_orc_ogre_mass, layout_caves

Skill      XL: |  1  2  3  4  5  6  7  8  9 10 11 12 13 14 15 16 17 |
---------------+----------------------------------------------------+-----
Earth Magic    | 4 5 6 7 9 11 | 11.1
Fighting       | 1 2 3 4 5 6 8 10 12 13 15 | 15.0
Spellcasting   | 3 5 6 8 12 | 12.0
Alchemy        | 3 4 5 |  5.0
Conjurations   | 5 6 |  6.9
Staves         | 4 6 8 9 11 12 | 12.0
Dodging        | 4 6 8 9 10 | 10.0
Hexes          | 4 |  4.0
Evocations     | 5 10 | 10.0
Shields        | 5 |  5.0
Necromancy     | 2 3 |  3.0
Stealth        | |  2.1

Action                     |  1- 3 |  4- 6 |  7- 9 | 10-12 | 13-15 | 16-18 || total
---------------------------+-------+-------+-------+-------+-------+-------++-------
  Melee: Unarmed           |     5 |       |       |       |       |       ||     5
         Quarterstaff      |    11 |       |    11 |    69 |       |       ||    91
         Staff             |       |       |       |   133 |   221 |   137 ||   491
         Punch             |       |       |       |     1 |       |       ||     1
  Throw: Dart              |       |     1 |       |       |       |       ||     1
   Cast: Sandblast         |    49 |    81 |   177 |   369 |   775 |   186 ||  1637
         Stone Arrow       |       |       |     1 |    48 |   228 |   108 ||   385
         Leda's Liquefacti |       |       |     1 |     5 |    14 |     1 ||    21
         Brom's Barrelling |       |       |       |    11 |     1 |       ||    12
         Mephitic Cloud    |       |       |       |     4 |    34 |     7 ||    45
         Lee's Rapid Decon |       |       |       |       |    24 |    14 ||    38
         Bombard           |       |       |       |       |       |    29 ||    29
         Borgnjor's Vile C |       |       |       |       |       |     5 ||     5
  Evoke: Wand              |       |       |       |     2 |     5 |       ||     7
         Lightning rod     |       |       |       |       |     1 |    11 ||    12
         Phantom mirror    |       |       |       |       |     1 |     1 ||     2
         Phial of floods   |       |       |       |       |       |     1 ||     1
    Use: Scroll            |     1 |     5 |     6 |     7 |    11 |     4 ||    34
         Potion            |       |       |     2 |       |     1 |     5 ||     8
   Stab: Confused          |       |       |       |       |     5 |     2 ||     7
 Armour: Robe              |    12 |     8 |   116 |   294 |       |       ||   430
         Leather armour    |       |       |       |   126 |   778 |   259 ||  1163
  Dodge: Dodged            |    17 |    16 |    70 |   392 |   845 |   280 ||  1620
  Block: Buckler           |       |       |       |       |   105 |    68 ||   173
         Reflection        |       |       |       |       |       |     2 ||     2
